 Dungeon Crawl Stone Soup version 0.21.1-1-g345015fe64 (webtiles) character file.

849 Oravi the Slinger (level 8, 0/49 HPs)
             Began as a Halfling Hunter on Apr 13, 2018.
             Slain by a sky beast (6 damage)
             ... on level 5 of the Dungeon.
             The game lasted 00:20:06 (4200 turns).

Oravi the Slinger (Halfling Hunter)                 Turns: 4200, Time: 00:20:07

Health: 0/49       AC:  4    Str: 14    XL:     8   Next: 21%
Magic:  8/8        EV: 15    Int:  9    God:
Gold:   252        SH:  0    Dex: 16    Spells: 7/7 levels left

rFire    . . .     SeeInvis .   b - +0 short sword
rCold    . . .     Gourm    .   (shield restricted)
rNeg     . . .     Faith    .   c - +1 leather armour
rPois    .         Spirit   .   (no helmet)
rElec    .         Reflect  .   (no cloak)
rCorr    .         Harm     .   (no gloves)
MR       .....                  (no boots)
Stlth    ++........             (no amulet)
HPRegen  0.16/turn              (no ring)
MPRegen  0.11/turn              (no ring)

@: no status effects
A: small, mutation resistance 1
a: no special abilities


You were on level 5 of the Dungeon.
You were not hungry.

You visited 1 branch of the dungeon, and saw 5 of its levels.

You collected 252 gold pieces.

Inventory:

Hand Weapons
 a - a +2 hunting sling
 b - a +0 short sword (weapon)
 u - a +0 rapier
Missiles
 d - 62 sling bullets
 g - 79 stones (quivered)
Armour
 c - a +1 leather armour (worn)
 q - a +0 crystal plate armour
 t - a +0 leather armour of fire resistance
Scrolls
 i - 3 scrolls of remove curse
 j - a scroll of teleportation
 m - 3 scrolls of magic mapping
 r - a scroll of enchant weapon
Potions
 h - a potion of resistance
 k - 2 potions of curing
 l - 2 potions of haste
 p - a potion of flight
Comestibles
 f - 6 rations
 v - 12 chunks of flesh


   Skills:
 - Level 1.7 Fighting
 * Level 5.0 Short Blades
 - Level 11.0 Slings
 + Level 2.9 Armour
 + Level 2.9 Dodging
 - Level 1.1 Stealth


You had 7 spell levels left.
You didn't know any spells.

Dungeon Overview and Level Annotations

Branches:
Dungeon (5/15)
 Temple: D:4-7

Altars:
Dithmenos
Gozag


Innate Abilities, Weirdness & Mutations

You are small and have problems with some larger weapons.
You are somewhat resistant to further mutation.


Message History

You miss something. Something hits you. Something shocks you.
You hit something. Something hits you. Something shocks you.
* * * LOW HITPOINT WARNING * * *
You closely miss something. Something closely misses you.
You miss something. Something hits you.
* * * LOW HITPOINT WARNING * * *
Something shocks you.
* * * LOW HITPOINT WARNING * * *
You hit something but do no damage. You completely miss something.
Something barely misses you.
You hit something. Something hits you.
* * * LOW HITPOINT WARNING * * *
Something shocks you.
* * * LOW HITPOINT WARNING * * *
You feel better.
A sky beast appears from thin air!
Reactivating autopickup.
The sky beast hits you.
* * * LOW HITPOINT WARNING * * *
The sky beast shocks you.
You die...

........#.#######.#
..##..............###
#.....###...........#
.#.######..######)#.#
#. #.....# #.#.# #
#.##..# #)#.# #.##..##
#.#.# #.##..Y#####.#.#
#.###≈.@)....#.#
####.###!.....###.#
#####.................#
........÷###......###.#
##......# #..........#
#.#.##.# ##.....###.# #
#. #.# #.....# #.# #
#.# #.#.#####.# #.#
#.#.......#


You could see a sky beast.

Vanquished Creatures
  Eustachio (D:4)
  An ogre (D:4)
  The ghost of VanClaymore the Cudgeler, an amateur GrMo (D:3)
  A hound (D:4)
  2 orc priests
  5 orc wizards
  2 worker ants (D:4)
  A hound zombie (D:5)
  A howler monkey skeleton (D:5)
  7 gnolls
  5 adders
  An ooze (D:2)
  2 worms
  2 dart slugs
  4 leopard geckos
  20 orcs
  5 giant cockroaches
  8 goblins
  14 hobgoblins
  10 jackals
  9 bats
  5 frilled lizards
  8 kobolds
  A quokka zombie (D:5)
  6 rats
122 creatures vanquished.

Notes
Turn   | Place    | Note
-------+----------+-------------------------------------------
     0 | D:1      | Oravi the Halfling Hunter began the quest for the Orb.
     0 | D:1      | Reached XP level 1. HP: 14/14 MP: 1/1
    90 | D:1      | Reached skill level 6 in Slings
   173 | D:1      | Reached XP level 2. HP: 19/19 MP: 2/2
   355 | D:1      | Reached skill level 1 in Short Blades
   355 | D:1      | Reached XP level 3. HP: 18/24 MP: 3/3
   663 | D:2      | Reached skill level 7 in Slings
  1054 | D:2      | Reached XP level 4. HP: 29/29 MP: 4/4
  1490 | D:2      | Reached skill level 8 in Slings
  1615 | D:3      | Reached XP level 5. HP: 34/34 MP: 5/5
  1639 | D:3      | Found an opulent altar of Gozag.
  1809 | D:3      | Reached XP level 6. HP: 38/39 MP: 6/6
  1901 | D:3      | Noticed VanClaymore's ghost (amateur GrMo)
  1924 | D:3      | Killed VanClaymore's ghost
  1924 | D:3      | Reached skill level 9 in Slings
  2101 | D:3      | Reached skill level 1 in Armour
  2266 | D:3      | Found a shadowy altar of Dithmenos.
  2592 | D:4      | Noticed an ogre
  2599 | D:4      | Killed an ogre
  2599 | D:4      | Reached skill level 10 in Slings
  2599 | D:4      | Reached XP level 7. HP: 17/44 MP: 7/7
  2973 | D:4      | Noticed Eustachio
  3012 | D:4      | Killed Eustachio
  3018 | D:4      | Reached skill level 11 in Slings
  3346 | D:4      | Reached XP level 8. HP: 49/49 MP: 8/8
  3909 | D:5      | Entered Level 5 of the Dungeon
  4106 | D:5      | Reached skill level 5 in Short Blades
  4199 | D:5      | HP: 1/49 [something (5)]
  4200 | D:5      | Slain by a sky beast

Skill      XL: |  1  2  3  4  5  6  7  8 |
---------------+-------------------------+-----
Slings         | 6 7 8 10 11 | 11.0
Short Blades   | 1 2 3 4 5 |  5.0
Armour         | 1 2 |  2.9
Fighting       | |  1.7
Dodging        | |  2.9
Stealth        | |  1.1

Action                   |  1- 3 |  4- 6 |  7- 9 || total
-------------------------+-------+-------+-------++-------
Melee: Short sword       |       |       |    26 ||    26
 Fire: Hunting sling     |    77 |   237 |   148 ||   462
  Use: Scroll            |       |     8 |     3 ||    11
       Potion            |       |     2 |     7 ||     9
  Eat: Chunk             |       |     4 |     5 ||     9
Armor: Leather armour    |     1 |    12 |    13 ||    26
Dodge: Dodged            |    10 |    52 |    37 ||    99
